AoeStats
← Ke Wa

Lombardia

510141858Analyzed
2v2 RM · 4d ago on Sep 29, 2026· 40m 52s· 4 players
Game mode
Random Map
Map size
Medium (4 player)
Population
200
Speed
Normal
Resources
Standard
Victory
Conquest
Starting age
Dark Age
Ending age
Imperial Age
RankedLock teamsTeams togetherTeam positionsShared explorationLock speedFull tech treeHidden civsTurbo modeCheats
Victory
Defeat
🇩🇰 Mongols · Denmark
1122
+9
🇩🇰 Tatars · Denmark
1013
+14
🇳🇱 Franks · Netherlands
999
-13
🇫🇷 Teutons · France
932
-10
Lo. 80%
10:17 Feudal Age
11:36 Wheelbarrow
10:49 Double-Bit Axe
15:06 Loom
18:31 Castle Age
20:02 Hand Cart
20:26 Stone Mining
21:50 Bow Saw
22:43 Loom
26:09 Fletching
26:19 Padded Archer Armor
32:59 Imperial Age
30:45 Elite Skirmisher
35:29 Town Watch
38:14 Gold Mining
39:56 Ballistics
40:46 Chemistry
39:15 Pikeman
Ke Wa
12:17 Feudal Age
11:25 Loom
17:50 Castle Age
16:06 Horse Collar
16:35 Double-Bit Axe
18:28 Pikeman
19:08 Squires
23:13 Wheelbarrow
36:24 Imperial Age
34:27 Bow Saw
34:46 Hand Cart
34:51 Scale Mail Armor
35:12 Forging
35:03 Scale Mail Armor
36:02 Gold Mining
36:39 Ironclad
38:08 Conscription
38:58 Ballistics
39:39 Chemistry
39:18 Halberdier
Blitzkrieg
11:58 Feudal Age
17:53 Castle Age
16:47 Fletching
30:13 Bodkin Arrow
30:21 Padded Archer Armor
30:38 Double-Bit Axe
32:09 Leather Archer Armor
33:45 Wheelbarrow
32:53 Horse Collar
33:26 Bow Saw
38:22 Hand Cart
41:28 Imperial Age
40:04 Scale Barding Armor
40:13 Murder Holes
39:59 Treadmill Crane
Alkaersig
10:30 Feudal Age
8:47 Loom
10:32 Feudal Age
11:21 Double-Bit Axe
14:09 Castle Age
12:31 Horse Collar
13:55 Loom
15:03 Bow Saw
18:21 Husbandry
19:33 Bloodlines
21:43 Forging
21:41 Scale Barding Armor
22:13 Forging
25:06 Iron Casting
24:52 Chain Barding Armor
26:00 Wheelbarrow
26:12 Scale Mail Armor
27:20 Heavy Plow
27:45 Hand Cart
27:15 Town Watch
28:29 Gold Mining
29:15 Fletching
29:40 Stone Mining
30:44 Gold Shaft Mining
31:08 Stone Shaft Mining
31:24 Bodkin Arrow
32:07 Ballistics
31:43 Murder Holes
36:59 Imperial Age
36:31 Thumb Ring
36:28 Padded Archer Armor
36:28 Scale Mail Armor
38:21 Conscription
38:02 Bracer
38:33 Parthian Tactics
38:57 Leather Archer Armor
39:25 Drill
38:27 Capped Ram
38:53 Elite Steppe Lancer
40:41 Blast Furnace
39:57 Siege Ram
Connection lost

Rejoining the realm…

Still unreachable

The connection could not be restored.

Session expired

The server has moved on; the page needs a fresh start.